Unix NetHack Version 3.7.0-51 Work-in-progress - last build Mar 7 2022 13:06:07 (ce1e6a145e5d3e7dd6f4b57ba37794bc207988de,branch:master). Game began 2022-03-11 18:41:55, ended 2022-03-19 15:52:20. spontiff, neutral male gnomish Healer ------ ##############%#|}.}..##### ------ ----------- #------ #|.}..| ##.....| ------------ |.........|####.....| #|...[| ##|....| |...........########## #...........# #|....| #-.-|-- #####-<...| |..........| ###|.........| #|...%| ##) ^ ### |....| |..........| ####-..........####-.....##########*#### ------ |..........| #####----------- #---|-- # -|--------|- # ## ################ # # ^ # ## # # --.------- ## # # # # ###-...}.}.}| ## ## # /## # |..}.}.}.| ### ####### -|-|- # |.}.}.}.}| ----|- 00#[ # |.@.| #### |}.}.}.}.| |.....###### # |.;.| # |.}.}.}.}| |....| # # % |}..| # ---------- |...>.########## |.}..## ------ 0# ----- Spontiff the Empiric St:18 Dx:10 Co:18 In:14 Wi:18 Ch:18 Neutral S:3078 Dlvl:21 $:0 HP:0(99) Pw:8(48) AC:-2 Xp:5/167 T:55419 Latest messages: You drop a cursed potion called black 200z. You drop a cursed potion called emerald 150z. You drop an uncursed scroll called GINK 100z. You drop an uncursed scroll called HAPAX 200z. You drop a cursed scroll called JUYED 100z. You drop an uncursed ring of slow digestion. You drop an uncursed scroll called XI 200z. You drop an uncursed potion called milky 200z. You drop an uncursed scroll called ELBIB 100z. You drop an uncursed potion called bubbly 150z od?. You drop an uncursed scroll called enhance weasel. You drop an uncursed ring of free action. You drop an uncursed wand of sleep (0:6). You drop a cursed wand of teleportation (0:4). You drop an uncursed scroll called hearth. You drop a blessed scroll called LOREM 100z. You drop an uncursed tooled horn. You drop an uncursed wand called runed 150z. You drop an uncursed wand called silver 150z. It misses! It misses! A piranha was hidden under the water! The piranha bites! The piranha bites! Are you waiting to get hit? Use 'm' prefix to force a no-op (to rest). Are you waiting to get hit? The piranha bites! The piranha misses! The piranha bites! The piranha bites! The piranha bites! The piranha misses! The piranha bites! The piranha misses! The piranha bites! The piranha bites! The piranha bites! The piranha bites! You see an oil lamp flicker considerably. The piranha bites! The piranha bites! The piranha bites! The piranha bites! You aren't carrying anything. You are not using any tools. The piranha misses! The piranha misses! The piranha bites! You die... Do you want to see the dungeon overview? [ynq] (y) y Major events: Turn 1: spontiff the neutral male gnomish Healer entered the dungeon 754: entered the Gnomish Mines 2260: reached Mine Town 12146: entered Sokoban 12879: completed sokoban 1 13653: completed sokoban 2 14332: completed sokoban 3 20988: entered the Bigroom 24812: killed the Oracle 25863: acquired the Mines' End luckstone 38860: completed sokoban 4 39104: acquired the Sokoban amulet of reflection 42861: made his first wish - "blessed +2 gray dragon scale mail" 45138: attained the rank of Empiric (level 3) 55419: killed by a piranha Inventory: Not carrying anything. Spontiff the Healer's attributes: Background: You were an Empiric, a level 5 male gnomish Healer. You were neutral, on a mission for Hermes who was opposed by Athena (lawful) and Poseidon (chaotic). You were in the Dungeons of Doom, on level 21. You entered the dungeon 55419 turns ago. There was a full moon in effect when your adventure ended. You had 167 experience points, 153 more were needed to attain level 6. Your score was 3078 before end-of-game adjustments. Basics: You had 0 out of 99 hit points. You had 8 out of 48 energy points (spell power). Your armor class was -2. Your wallet was empty. Autopickup was on for '$!/="?' plus thrown, with exceptions. Final Characteristics: Your strength was 18 (limit:18/50). Your dexterity was 10 (limit:18). Your constitution was 18 (limit:18). Your intelligence was 14 (limit:19). Your wisdom was 18 (limit:18). Your charisma was 18 (limit:18). Final Status: You were not hungry. You were unencumbered. You were bare handed. You were unskilled in bare handed combat and could have enhanced that. You were not wearing any armor. Final Attributes: You were piously aligned. You were fire resistant. You were shock resistant. You were poison resistant. You saw invisible. You were telepathic. You had infravision. You were invisible to others. You had a large defense bonus (+12). You were warded. You were very lucky. You are dead. Miscellaneous: You encountered 1 bones level. Total elapsed playing time was 13 hours, 31 minutes and 53 seconds. Vanquished creatures: a titan a white dragon 5 shopkeepers the Oracle an aligned cleric a black pudding 3 vampires a watch captain 6 ghosts 2 giant mimics a zruty a fire giant 2 ogre tyrants a rock troll 4 stalkers an air elemental a xorn a giant zombie a water demon 6 small mimics a warhorse an ettin mummy a quantum mechanic 4 trolls a pyrolisk a large dog a flaming sphere a shocking sphere 2 large cats 2 dwarf rulers 3 tengu 6 stone giants an elf mummy a human mummy 2 pythons a cobra 5 wraiths a Grey-elf 4 watchmen an amorous demon 2 crocodiles 4 giant beetles a quivering blob 7 wolves 3 winter wolf cubs 2 lynxes 2 spotted jellies 54 leprechauns 3 iron piercers 4 giant spiders 3 scorpions 2 horses 4 black lights 2 vampire bats a forest centaur 3 gnome rulers 2 orc mummies 3 dwarf mummies 4 ogres 2 owlbears 2 yetis 2 gold golems a werewolf 12 lizards 2 dingoes 3 dogs 4 housecats 7 jaguars 4 dwarf leaders 5 blue jellies 3 white unicorns 2 gray unicorns 3 black unicorns 5 dust vortices a raven a plains centaur 2 gnome mummies 6 snakes 10 water moccasins 10 apes 5 human zombies 4 rope golems 5 soldier ants 4 fire ants 13 bugbears 5 imps 5 wood nymphs 2 water nymphs 2 mountain nymphs 16 Mordor orcs 5 Uruk-hai 3 orc shamans 19 rock piercers 5 rock moles 9 ponies 11 fog clouds 11 yellow lights 8 shriekers 5 violet fungi 14 gnome leaders 4 gnomish wizards 5 kobold mummies 11 gray oozes 6 elf zombies 7 ghouls 3 straw golems 5 paper golems 16 giant ants 13 little dogs 34 floating eyes 9 kittens 33 dwarves 9 homunculi 7 kobold leaders 4 kobold shamans 24 hill orcs 20 rothes 11 rabid rats 3 centipedes 13 giant bats a Kop Sergeant 4 monkeys 13 orc zombies 17 dwarf zombies 4 wererats 11 werejackals 29 iguanas 7 killer bees 11 acid blobs 19 coyotes 21 gas spores 18 hobbits 22 manes 10 large kobolds 33 hobgoblins 32 giant rats 15 cave spiders 6 brown molds 17 yellow molds 12 green molds 3 red molds 44 gnomes 9 garter snakes 12 gnome zombies 51 geckos 37 jackals 5 foxes 13 kobolds 25 goblins 20 sewer rats 47 grid bugs 13 bats 42 lichens 14 kobold zombies 61 newts 1360 creatures vanquished. No species were genocided or became extinct. Voluntary challenges: You never hit with a wielded weapon. You read items or engraved 22 times. You never engraved Elbereth. You never genocided any monsters. You never polymorphed an object. You never changed form. You used 1 wish. You did not wish for any artifacts. You violated the special Sokoban rules twice. Achievements: You entered the Gnomish Mines. You entered Minetown. You entered a shop. You entered a temple. You entered Sokoban. You entered the Big Room. You completed the Gnomish Mines. You completed Sokoban. You attained the rank of Empiric. The Dungeons of Doom: levels 1 to 22 Level 1: "Stashlet" Level 2: Stairs down to The Gnomish Mines. Level 3: An untended shop. Level 4: An untended shop. Level 5: Level 6: "magic trap" Oracle of Delphi. Level 7: Stairs up to Sokoban, level 6. Level 8: "Pools" Level 9: Level 10: Level 11: Level 12: "Polytrap" A very big room. Level 13: "Pools" Summoned by Hippocrates. Portal to The Quest. Level 14: Level 15: "Graveyard" A sink. Level 16: "Polytrap" Level 17: A sink. Level 18: A primitive area. Level 19: Level 20: Level 21: <- You were here. Final resting place for you, killed by a piranha. Level 22: The Gnomish Mines: levels 3 to 10 Level 3: "magic trap" Level 4: Level 5: Final resting place for lew-Ran-Hum-Mal-Cha, killed by a bolt of fire. Level 6: Many shops, a temple to Hermes. Level 7: Level 8: Level 9: Level 10: "Catacombs" The Quest: Level 1: "white orange black gray" An altar to Hermes, a throne. Home. Sokoban: levels 6 up to 3 Level 3: Solved. Level 4: Solved. Level 5: Solved. Level 6: Solved. Game over: ---------- / \ / REST \ / IN \ / PEACE \ / \ | spontiff | | 0 Au | | killed by a | | piranha | | | | | | 2022 | *| * * * | * _________)/\\_//(\/(/\)/\//\/|_)_______ Goodbye spontiff the Healer... You died in The Dungeons of Doom on dungeon level 21 with 3078 points, and 0 pieces of gold, after 55419 moves. You were level 5 with a maximum of 99 hit points when you died.